 Dungeon Crawl Stone Soup version 0.30-a0-368-g86fb4627a9 (webtiles) character file.

Game seed: 12285594026395508279

23867 sanka the Gelid (level 12, -1/105 HPs)
             Began as a White Draconian Reaver on Nov 18, 2022.
             Was a Priest of Ashenzari.
             Slain by kMk's ghost (19 damage)
             ... on level 3 of the Lair of Beasts.
             The game lasted 00:48:26 (21315 turns).

sanka the Gelid (White Draconian Reaver)           Turns: 21315, Time: 00:48:26

Health: -1/105     AC: 17    Str: 16    XL:     12   Next: 75%
Magic:  10/22      EV: 14    Int: 15    God:    Ashenzari [***...]
Gold:   392        SH:  0    Dex: 12    Spells: 6/25 levels left

rFire   . . .      SeeInvis +    K - +6 long sword of the Tethered Comet {Self, Range} (curse)
rCold   + + .      Faith    .    (no shield)
rNeg    . . .      Spirit   .    (body armour unavailable)
rPois   .          Reflect  .    (helmet restricted)
rElec   .          Harm     .    R - +2 cloak
rCorr   +          Rampage  .    T - +2 pair of gloves
Will    .....      Clarity  +    Q - +2 pair of boots of Supernal Wisdom {Elem, Evo} (curse)
Stlth   +.........               M - amulet of Desmomancy {Acrobat, Elem, Alch} (curse)
HPRegen 0.37/turn                D - ring of Supernal Gnosis {rC+, Alch, Self} (curse)
MPRegen 0.18/turn                u - ring of Ashenzari's Fetters {rCorr, Evo, Fort} (curse)

@: mighty
A: breathe frost, AC +8, unfitting armour, cold resistance 1, cold-blooded
a: Breathe Frost, Renounce Religion, Curse Item, Shatter the Chains


You were on level 3 of the Lair of Beasts.
You worshipped Ashenzari.
Ashenzari was most pleased with you.
You visited 3 branches of the dungeon, and saw 15 of its levels.

You collected 810 gold pieces.
You spent 418 gold pieces at shops.


Innate Abilities, Weirdness & Mutations

You can breathe waves of freezing cold which knock back foes.
Your icy white scales are hard. (AC +8)
You cannot fit into any form of body armour.
Your flesh is cold resistant. (rC+)
You are cold-blooded and may be slowed by cold attacks.


   Skills:
 + Level 7.1(9.6) Fighting
 + Level 7.0 Dodging
 - Level 3.0 Unarmed Combat
 - Level 4.8(7.2) Spellcasting
 - Level 10.0 Conjurations
 - Level 2.0 Necromancy
 - Level 2.0 Translocations
 - Level 17.7(20.0) Ice Magic
 - Level 5.0(7.3) Earth Magic


You had 6 spell levels left.
You knew the following spells:

 Your Spells              Type           Power      Damage    Failure   Level
a - Ozocubu's Armour      Ice            60%        N/A       0%          3
i - Hailstorm             Conj/Ice       50%        3d11      1%          3
u - Momentum Strike       Conj/Tloc      46%        3d9       1%          2
y - Kiss of Death         Conj/Necr      92%        2d12      1%          1
z - Stone Arrow           Conj/Erth      62%        3d10      1%          3
X - Ozocubu's Refrigerat  Ice            30%        4d14      3%          7

Your spell library contained the following spells:

 Spells                   Type           Power      Damage    Failure   Level
 Sandblast                Erth           54%        2d13      1%          1
 Ensorcelled Hibernation  Hex/Ice        70%        N/A       1%          2
 Passwall                 Tmut/Erth      13%        N/A       4%          2
 Gell's Gravitas          Tloc           11%        N/A       17%         3
 Teleport Other           Tloc           11%        N/A       17%         3
 Spider Form              Tmut/Pois      6%         N/A       34%         3
 Summon Guardian Golem    Hex/Summ       5%         N/A       36%         3
 Borgnjor's Vile Clutch   Necr/Erth      9%         N/A       47%         5
 Anguish                  Hex/Necr       4%         N/A       65%         4
 Conjure Ball Lightning   Conj/Air       10%        3x3d6     94%         6
 Alistair's Intoxication  Tmut/Pois      4%         N/A       97%         5
 Dispersal                Tloc           5%         N/A       100%        6
 Eringya's Noxious Bog    Tmut/Pois      3%         N/A       100%        6
 Orb of Destruction       Conj           17%        9d7       88%         7
 Spellforged Servitor     Conj/Summ      10%        N/A       100%        7
 Discord                  Hex            2%         N/A       100%        8
 Disjunction              Tloc           5%         N/A       100%        8

Inventory:

Hand Weapons
 a - a +1 whip of electrocution
 h - a +2 short sword of venom
 t - a +0 dagger of electrocution
 G - a +2 dire flail
 K - the cursed +6 long sword of the Tethered Comet (weapon) {Self, Range}

   It has a curse which improves the following skills: Introspection: Fighting
   and Spellcasting.
   Ranged Combat: Ranged Weapons and Throwing.
 V - a +1 double sword of electrocution
Missiles
 H - 2 curare-tipped darts {=f}
 N - a throwing net {=f}
Armour
 B - a +0 cloak
 Q - the cursed +2 pair of boots of Supernal Wisdom (worn) {Elem, Evo}

   It has a curse which improves the following skills: Elements: Fire Magic, Ice
   Magic, Air Magic and Earth Magic.
   Evocations: Evocations.
 R - a +2 cloak (worn)
 T - a +2 pair of gloves (worn)
Jewellery
 u - the cursed ring of Ashenzari's Fetters (right hand) {rCorr, Evo, Fort}

   [ring of resist corrosion]

   rCorr:     It protects you from acid and corrosion.
   It has a curse which improves the following skills: Evocations: Evocations.
   Fortitude: Shields.
 D - the cursed ring of Supernal Gnosis (left hand) {rC+, Alch, Self}

   [ring of protection from cold]

   rC:        It protects you from cold.
   It has a curse which improves the following skills: Alchemy: Poison Magic and
   Transmutations.
   Introspection: Fighting and Spellcasting.
 L - a +6 ring of strength
 M - the cursed amulet of Desmomancy (around neck) {Acrobat, Elem, Alch}

   [amulet of the acrobat]

   It increases your evasion while moving and waiting.
   It has a curse which improves the following skills: Elements: Fire Magic, Ice
   Magic, Air Magic and Earth Magic.
   Alchemy:   Poison Magic and Transmutations.
Wands
 e - a wand of flame (7)
 C - a wand of polymorph (20)
 F - a wand of roots (4)
 I - a wand of digging (3)
 O - a wand of acid (7)
 U - a wand of charming (6)
 W - a wand of mindburst (5)
Scrolls
 b - 4 scrolls of magic mapping
 c - 13 scrolls of teleportation {@r4}
 d - 2 scrolls of immolation {!r}
 g - 2 scrolls of silence {!r}
 i - 2 scrolls of enchant weapon
 l - 7 scrolls of amnesia
 n - a scroll of torment {!r}
 p - 2 scrolls of fear
 w - 3 scrolls of poison {!r}
 x - 2 scrolls of noise {!r}
 y - 3 scrolls of butterflies
 A - a scroll of vulnerability {!r}
 E - a scroll of brand weapon
 J - a scroll of summoning
 P - a scroll of blinking
Potions
 f - 3 potions of might
 j - 2 potions of resistance
 k - 2 potions of attraction {!q}
 m - 7 potions of lignification {!q}
 o - 8 potions of curing {@q1}
 q - a potion of heal wounds {@q2}
 r - a potion of mutation {!q}
 s - a potion of ambrosia
 v - 3 potions of brilliance
 z - a potion of magic
 S - a potion of invisibility

Dungeon Overview and Level Annotations

Branches:
Dungeon (11/15)            Temple (1/1) D:6            Lair (3/5) D:8
  Swamp (0/4) Lair:3        Snake (0/4) Lair:3
    Orc: D:9-12

Altars:
Ashenzari
Cheibriados
Dithmenos
Elyvilon
Fedhas
Gozag
Hepliaklqana
Kikubaaqudgha
Makhleb
Nemelex Xobeh
Okawaru
Qazlal
Ru
Sif Muna
Trog
Uskayaw
Vehumet
Wu Jian
Xom
Yredelemnul
Zin
The Shining One
Jiyva

Shops:
D:2 =*:[*   D:5 *(:=   D:10 [

Annotations:
D:8 1 runed translucent door
D:9 Gastronok
Lair:3 kMk's ghost, journeyman FoFi

▒.............▒▒ ▒▒▒▒..........
▒▒..▒........▒▒▒ ▒..▒..........
▒............▒ ▒▒▒..▒▒.▒▒▒.....
▒..▒........▒▒▒ ▒▒P...▒▒▒▒ ▒▒....
...▒▒.........▒ ▒f...▒.▒ ▒.....
...▒▒†.......▒▒ ▒...▒.▒▒ ▒▒.▒▒.
.....▒÷.......▒▒▒...▒▒▒ ▒▒▒....~
......÷......▒▒....▒▒ ▒▒.....~~
...............▒dW..▒ ▒▒^....~~)
....................▒▒▒▒...▒.~~~.
....÷..............▒.........~~..
........▒...........f........~~.~
................[...)........~~.~
.....................).......~~~.
..............................~~~
..........................▒▒▒▒J[~
..............▒▒..▒▒▒▒▒▒..▒▒▒.J.~


You could see kMk's ghost.


Message History

The heat melts your icy armour.
You barely miss kMk's ghost. You tail-slap kMk's ghost.
KMk's ghost is moderately damaged.
KMk's ghost hits you!
* * * LOW HITPOINT WARNING * * *
KMk's ghost burns you.
* * * LOW HITPOINT WARNING * * *
The heat melts your icy armour.
You barely miss kMk's ghost.
KMk's ghost is moderately damaged.
KMk's ghost hits you but does no damage.
KMk's ghost closely misses you.
Unknown command.
You slice kMk's ghost!!
KMk's ghost is moderately damaged.
KMk's ghost hits you!
* * * LOW HITPOINT WARNING * * *
KMk's ghost burns you.
* * * LOW HITPOINT WARNING * * *
KMk's ghost hits you!
* * * LOW HITPOINT WARNING * * *
KMk's ghost burns you!
* * * LOW HITPOINT WARNING * * *
The heat melts your icy armour.
You hit kMk's ghost.
Your tail-slap misses kMk's ghost.
KMk's ghost is heavily damaged.
KMk's ghost hits you!!
You die...

Action                   |  1- 3 |  4- 6 |  7- 9 | 10-12 || total
-------------------------+-------+-------+-------+-------++-------
Melee: Unarmed           |    79 |       |       |       ||    79
       Tailslap          |    13 |    22 |    33 |    40 ||   108
       Punch             |     2 |     2 |     8 |     6 ||    18
       Short sword       |    57 |    83 |       |       ||   140
       Dagger            |       |    96 |   146 |       ||   242
       Whip              |       |       |   150 |       ||   150
       Long sword        |       |       |    24 |   203 ||   227
 Cast: Momentum Strike   |       |     3 |    10 |     4 ||    17
       Kiss of Death     |       |     3 |     3 |     2 ||     8
       Hailstorm         |       |       |    30 |    20 ||    50
       Stone Arrow       |       |       |    45 |   280 ||   325
       Ozocubu's Armour  |       |       |       |    12 ||    12
       Ozocubu's Refrige |       |       |       |     9 ||     9
Invok: Curse Item        |       |       |     2 |     3 ||     5
 Abil: Breathe Frost     |       |       |     7 |     2 ||     9
Evoke: Wand              |       |       |       |     6 ||     6
  Use: Scroll            |       |     6 |       |     3 ||     9
       Potion            |       |       |     3 |     3 ||     6
 Stab: Sleeping          |       |     1 |     1 |       ||     2
Armor: Skin              |    38 |    66 |   122 |   245 ||   471
Dodge: Dodged            |   110 |   133 |   221 |   443 ||   907

Levels and vault maps discovered:
D:1:      psy_arrival_basics, layout_rooms, serial_rivers,
          chequers_serial_rivers_large_a, chequers_serial_rivers_micro_e,
          chequers_serial_rivers_micro_b, chequers_serial_rivers_micro_d,
          dreamdust_princess_bridge
D:2:      layout_basic, serial_shops, nicolae_shop_window_shopping,
          nicolae_shop_competitors_out_of_business, shop, shop_coins,
          nicolae_shop_hallway_stairs, basic_altar, grunt_decor_one_mirror,
          minivault_23
D:3:      layout_basic, columned_hall_lemuel, minmay_crystal_room
D:4:      layout_loops_ring
D:5:      layout_cave_pools, nemelex_dance_club_becter, nicolae_wooded_promenade
D:6:      layout_gridville, minmay_temple_entry_mist
D:7:      layout_cave_pools, chequers_temple_overflow_statue_of_worship,
          chequers_avenue, kennysheep_flooded_box,
          chequers_serial_rivers_small_3
D:8:      cheibrodos_shockbox, layout_basic, david_lair_shrubbed, uniq_maggie
D:9:      cheibrodos_helix_gallery, layout_basic, kennysheep_mini_moat,
          minmay_misc_feat_doors, nicolae_figureground_sparkle, uniq_psyche,
          uniq_erolcha, uniq_gastronok
D:10:     layout_gridville, nicolae_dithmenos_the_darkroom, kennysheep_mini,
          vehumet_altar_wand_db, serial_shops, nicolae_shop_hallway_plus
D:11:     layout_roguey, nicolae_ru_sacrificial_ziggurat
Temple:   bh_familiar_temple
Lair:1:   layout_cave_shapes, grunt_megastairs_2, infiniplex_staircase_pool,
          serial_bayou_shore_a, uniq_urug
Lair:2:   layout_roguey, grunt_megastairs_3
Lair:3:   layout_hall_layers, minmay_swamp_entry_swarm,
          guppyfry_snake_entry_island, gammafunk_ghost_ooze, uniq_kirke

Notes
Turn   | Place    | Note
-------+----------+-------------------------------------------
     0 | D:1      | sanka the Draconian Reaver began the quest for the Orb.
     0 | D:1      | Reached XP level 1. HP: 17/17 MP: 3/3
    60 | D:1      | Reached skill level 1 in Necromancy
   204 | D:1      | Reached XP level 2. HP: 24/24 MP: 5/5
   405 | D:1      | Reached skill level 2 in Necromancy
   416 | D:1      | Learned a level 2 spell: Momentum Strike
   804 | D:2      | Reached skill level 1 in Translocations
   804 | D:2      | Reached XP level 3. HP: 23/29 MP: 6/6
  1055 | D:2      | Found Munnakhlufi's Jewellery Shoppe.
  1232 | D:2      | Found Sisucus's Assorted Antiques.
  1262 | D:2      | Reached XP level 4. HP: 36/36 MP: 7/7
  1329 | D:2      | Found Kelet's Book Shop.
  1342 | D:2      | Found a glowing silver altar of Zin.
  1351 | D:2      | Reached skill level 2 in Translocations
  1362 | D:2      | Found Dor Tays's Antique Armour Shop.
  1387 | D:2      | Found Tatruut's General Store.
  1659 | D:2      | Bought a scroll of identify for 22 gold pieces
  1738 | D:3      | Reached skill level 4 in Conjurations
  2012 | D:3      | Reached XP level 5. HP: 32/41 MP: 8/8
  2048 | D:3      | Reached skill level 5 in Conjurations
  2515 | D:4      | Noticed a black bear
  2530 | D:4      | Killed a black bear
  2531 | D:4      | Reached skill level 6 in Conjurations
  2531 | D:4      | Reached XP level 6. HP: 18/48 MP: 9/9
  3407 | D:5      | Entered Level 5 of the Dungeon
  3475 | D:5      | Noticed an ice beast
  3519 | D:4      | Killed an ice beast
  3520 | D:4      | Reached skill level 7 in Conjurations
  3669 | D:5      | Found Kuigemm's Jewellery Shoppe.
  3673 | D:5      | Found Wikett's Book Shop.
  3675 | D:5      | Found Oxtexke's General Store.
  3675 | D:5      | Found Quodaor's Antique Weapon Shoppe.
  3687 | D:5      | Noticed an ice beast
  3701 | D:5      | Killed an ice beast
  3702 | D:5      | Your scales start taking on an icy white colour.
  3702 | D:5      | Reached XP level 7. HP: 30/40 MP: 4/10
  3702 | D:5      | Gained mutation: Your flesh is cold resistant. (rC+) [White
                  | Draconian growth]
  3757 | D:5      | Learned a level 3 spell: Hailstorm
  3812 | D:5      | Reached skill level 1 in Ice Magic
  4130 | D:5      | Reached skill level 2 in Ice Magic
  4478 | D:5      | Reached skill level 8 in Conjurations
  4482 | D:5      | Reached skill level 3 in Ice Magic
  4770 | D:5      | Reached skill level 4 in Ice Magic
  4796 | D:5      | Found a sparkling altar of Nemelex Xobeh.
  5018 | D:6      | Reached skill level 5 in Ice Magic
  5093 | D:6      | Learned a level 3 spell: Stone Arrow
  5094 | D:6      | Found a staircase to the Ecumenical Temple.
  5105 | Temple   | Entered the Ecumenical Temple
  5281 | Temple   | Became a worshipper of Ashenzari the Shackled
  5368 | D:6      | Reached XP level 8. HP: 53/61 MP: 11/11
  5539 | D:6      | Reached skill level 1 in Earth Magic
  6036 | D:6      | Reached skill level 2 in Earth Magic
  6036 | D:6      | HP: 6/85 [poisoned by a water moccasin]
  6525 | D:7      | Reached skill level 3 in Earth Magic
  6687 | D:7      | Found a shimmering blue altar of Sif Muna.
  6687 | D:7      | Found a glowing golden altar of the Shining One.
  6819 | D:7      | Reached skill level 9 in Conjurations
  6847 | D:7      | Reached skill level 4 in Earth Magic
  7421 | D:8      | Reached skill level 5 in Earth Magic
  7421 | D:8      | Reached XP level 9. HP: 56/68 MP: 2/12
  7743 | D:8      | Identified +0 acid dragon scales
  7743 | D:8      | Noticed Maggie
  7761 | D:8      | Killed Maggie
  7762 | D:8      | Reached skill level 3 in Fighting
  7762 | D:8      | Reached skill level 2 in Dodging
  7762 | D:8      | Reached skill level 10 in Conjurations
  7986 | D:8      | Reached skill level 3 in Dodging
  8178 | D:8      | Found a staircase to the Lair.
  8178 | D:8      | Noticed a komodo dragon
  8208 | D:8      | Killed a komodo dragon
  8209 | D:8      | Reached skill level 4 in Fighting
  8385 | D:8      | Found a runed translucent door.
  8385 | D:8      | Noticed a sixfirhy
  8502 | D:8      | Reached skill level 4 in Dodging
  8968 | D:7      | Reached skill level 5 in Fighting
  9364 | D:7      | Reached * piety under Ashenzari
  9580 | D:7      | Reached skill level 5 in Dodging
  9808 | D:9      | Identified +0 steam dragon scales
  9976 | D:9      | Noticed a kobold demonologist
 10011 | D:9      | Reached skill level 6 in Dodging
 10011 | D:9      | Noticed a rust devil
 10023 | D:8      | Reached XP level 10. HP: 36/76 MP: 0/13
 10246 | D:9      | Reached skill level 6 in Ice Magic
 10370 | D:9      | Reached skill level 7 in Ice Magic
 10577 | D:9      | Reached skill level 8 in Ice Magic
 10647 | D:9      | Learned a level 3 spell: Ozocubu's Armour
 11361 | D:9      | Noticed Erolcha
 11365 | D:9      | Killed Erolcha
 11365 | D:9      | Noticed Gastronok
 11366 | D:9      | Reached skill level 3 in Spellcasting
 11366 | D:9      | Reached skill level 9 in Ice Magic
 11733 | D:9      | Found a stormy altar of Qazlal.
 11853 | D:9      | Reached ** piety under Ashenzari
 11878 | D:9      | Noticed Psyche
 11888 | D:9      | Killed Psyche
 11889 | D:9      | Reached skill level 4 in Spellcasting
 11992 | D:9      | Learned a level 7 spell: Ozocubu's Refrigeration
 12219 | D:10     | Entered Level 10 of the Dungeon
 12355 | D:10     | Found a radiant altar of Vehumet.
 12366 | D:10     | Reached skill level 10 in Ice Magic
 12493 | D:10     | Found a snail-covered altar of Cheibriados.
 12511 | D:10     | Found Xient's Armour Shoppe.
 12518 | D:10     | Bought a +2 pair of boots for 198 gold pieces
 12518 | D:10     | Bought a +2 cloak for 198 gold pieces
 12725 | D:10     | Reached *** piety under Ashenzari
 13158 | D:10     | Found a shadowy altar of Dithmenos.
 13260 | D:11     | Reached XP level 11. HP: 93/94 MP: 11/21
 13557 | D:11     | Reached skill level 11 in Ice Magic
 13957 | D:11     | Found a sacrificial altar of Ru.
 14491 | D:11     | Reached skill level 12 in Ice Magic
 14933 | D:11     | Found a sacrificial altar of Ru.
 15139 | Lair:1   | Entered Level 1 of the Lair of Beasts
 15164 | Lair:1   | Reached skill level 13 in Ice Magic
 15643 | Lair:1   | Noticed Urug
 15649 | Lair:1   | Killed Urug
 15660 | Lair:1   | Reached skill level 14 in Ice Magic
 16990 | Lair:2   | Noticed a six-headed hydra
 16996 | Lair:2   | Killed a six-headed hydra
 16997 | Lair:2   | Reached skill level 15 in Ice Magic
 17313 | Lair:2   | Noticed a six-headed hydra
 17535 | Lair:2   | Reached XP level 12. HP: 85/101 MP: 9/22
 17676 | Lair:2   | Killed a six-headed hydra
 17817 | Lair:2   | Reached skill level 16 in Ice Magic
 18899 | Lair:3   | Found a staircase to the Swamp.
 18905 | Lair:3   | Identified a potion of resistance
 18993 | Lair:3   | Noticed Kirke
 19266 | Lair:2   | Killed Kirke
 19267 | Lair:2   | Reached skill level 17 in Ice Magic
 19838 | Lair:3   | Found a runed translucent gate.
 19838 | Lair:3   | Found a runed translucent gate.
 19839 | Lair:3   | Found a runed translucent gate.
 19839 | Lair:3   | Noticed kMk's ghost (journeyman FoFi)
 19839 | Lair:3   | Noticed a great orb of eyes
 19871 | Lair:3   | Found a staircase to the Snake Pit.
 20428 | Lair:3   | Reached skill level 6 in Fighting
 20739 | Lair:3   | Identified +0 steam dragon scales
 21114 | Lair:3   | Found a viscous altar of Jiyva.
 21169 | Lair:2   | Killed a great orb of eyes
 21170 | Lair:2   | Reached skill level 7 in Fighting
 21170 | Lair:2   | Reached skill level 7 in Dodging
 21315 | Lair:3   | Slain by kMk's ghost

Vanquished Creatures
  Erolcha (D:9)
  A great orb of eyes (Lair:2)
  2 hydras (Lair:2)
  Urug (Lair:1)
  6 elephants
  Maggie (D:8)
  A black mamba (Lair:1)
  8 cane toads
  5 yaktaurs (D:11)
  3 kobold demonologists
  Psyche (D:9)
  A rime drake (Lair:3)
  3 komodo dragons
  4 trolls
  A vampire (D:10)
  4 hogs
  A wraith (D:11)
  6 wyverns
  10 yaks
  3 vampire mosquitoes (Lair:3)
  3 basilisks
  4 steam dragons
  4 nagas (Lair:3)
  2 acid dragons
  10 water moccasins
  2 ice beasts
  2 orc warriors
  2 black bears
  10 wolves
  5 centaurs
  An ogre (D:5)
  A phantom (D:6)
  7 bullfrogs
  4 kobold brigands
  A necrophage (D:5)
  A gnoll sergeant (D:9)
  A scorpion (D:5)
  8 wights
  7 killer bees
  A howler monkey (D:6)
  6 electric eels
  4 hounds
  5 orc priests
  4 jellies
  3 gnoll boudas
  13 orc wizards
  10 adders
  20 gnolls
  A shadow imp (D:7)
  4 white imps
  An ufetubus (D:5)
  3 dart slugs
  43 orcs
  5 ball pythons
  7 bats
  7 endoplasms
  4 giant cockroaches
  6 goblins
  5 hobgoblins
  3 jackals (D:1)
  8 quokkas
  2 frilled lizards
  18 kobolds
  3 rats
324 creatures vanquished.

Vanquished Creatures (others)
  Kirke (Lair:2)
  A human (Lair:3)
  A black bear (D:6)
  An ice beast (D:4)
  2 killer bees
  An orc priest (D:5)
  An orc wizard (D:7)
  An orc (D:5)
  20 fungi
  36 plants
65 creatures vanquished.

Grand Total: 389 creatures vanquished
